 Dungeon Crawl Stone Soup version 0.25.1-2-g60ff931df9 (webtiles) character file.

Game seed: 1753839554906219979

175 Atlas the Insei (level 5, -4/42 HPs)
             Began as a Demonspawn Monk on Oct 16, 2020.
             Killed by divine providence
             ... invoked by an orc priest
              (15 damage)
             ... on level 3 of the Dungeon.
             The game lasted 00:03:17 (3636 turns).

Atlas the Insei (Demonspawn Monk)                   Turns: 3636, Time: 00:03:17

Health: -4/42      AC: 14    Str: 12    XL:     5   Next: 29%
Magic:  5/5        EV:  6    Int: 11    God:
Gold:   92         SH:  0    Dex: 16    Spells: 4/4 levels left

rFire    + . .     SeeInvis .     - Unarmed
rCold    . . .     Gourm    .   (no shield)
rNeg     . . .     Faith    .   f - +0 chain mail
rPois    .         Spirit   .   (no helmet)
rElec    .         Reflect  .   k - +0 cloak
rCorr    .         Harm     .   j - +2 pair of gloves
MR       .....                  (no boots)
Stlth    ..........             (no amulet)
HPRegen  0.14/turn              n - ring of protection from fire
MPRegen  0.09/turn              (no ring)

@: no status effects
A: molten scales 1
a: no special abilities


You were on level 3 of the Dungeon.
You were not hungry.

You visited 1 branch of the dungeon, and saw 4 of its levels.

You collected 92 gold pieces.

Inventory:

Armour
 f - a +0 chain mail (worn)
 j - a +2 pair of gloves (worn)
 k - a +0 cloak (worn)
Jewellery
 n - a ring of protection from fire (left hand)
Scrolls
 a - 2 scrolls of immolation {unknown}
 c - 3 scrolls of teleportation {unknown}
 e - a scroll of blinking {unknown}
 l - 4 scrolls of identify {unknown}
 m - a scroll of amnesia {unknown}
Potions
 d - a potion of brilliance {unknown}
 g - a potion of berserk rage {unknown}
 h - 2 potions of curing {unknown}
 i - 2 potions of haste {unknown}
 o - 2 potions of lignification {unknown}
Comestibles
 b - 4 rations


   Skills:
 + Level 3.7 Fighting
 + Level 1.5 Armour
 + Level 3.3 Dodging
 + Level 1.9 Stealth
 + Level 4.1 Unarmed Combat


You had 4 spell levels left.
You didn't know any spells.
Your spell library was empty.

Dungeon Overview and Level Annotations

Branches:
Dungeon (4/15)
 Temple: D:4-7

Altars:

Annotations:
D:3 3 runed translucent doors, Godmorgon's ghost, amateur KoFi; Morgweiler's ghost, amateur DsAs; galacticnek0's ghost, amateur DrSk


Innate Abilities, Weirdness & Mutations

You are partially covered in molten scales. (AC +2)


Message History

You hit the orc priest but do no damage.
The orc priest calls down the wrath of Beogh upon you.
You barely resist. You hit the orc priest.
The orc priest is heavily wounded.
The orc priest hits you but does no damage.
Your chain mail prevents you from hitting the orc priest.
The orc priest is heavily wounded.
You hit the orc priest but do no damage.
The orc priest is heavily wounded.
The orc priest hits you but does no damage.
You hit the orc priest.
The orc priest is heavily wounded.
The orc priest hits you.
* * * LOW HITPOINT WARNING * * *
You hit the orc priest but do no damage.
The orc priest is heavily wounded.
The orc priest mumbles some strange prayers to Beogh against you.
Beogh smites you!
You die...

....#######
#.....#.#.##...##.
..........#
#.....#.#......<..
.........##
#.......).........
.........#
#.###...#.##......
.........#
#.......#.##.....#
.#......##
#.......#........#
####..###
####................#
#....##
####...........#........
..####
#......@................
.##
#.....o).[.(..##..).....
.#
###.............##########
.#######.........#######
.........#########
##########


You could see an orc priest.

Vanquished Creatures
  Crazy Yiuf (D:2)
  An orc wizard (D:3)
  2 gnolls
  3 adders
  A worm (D:2)
  2 dart slugs (D:1)
  2 leopard geckos
  An orc (D:3)
  9 bats
  2 giant cockroaches
  11 goblins
  13 hobgoblins
  2 jackals (D:1)
  6 kobolds
  A ball python (D:3)
  2 frilled lizards
  6 rats
65 creatures vanquished.

Notes
Turn   | Place    | Note
-------+----------+-------------------------------------------
     0 | D:1      | Atlas the Demonspawn Monk began the quest for the Orb.
     0 | D:1      | Reached XP level 1. HP: 18/18 MP: 1/1
   189 | D:1      | Reached skill level 3 in Unarmed Combat
   189 | D:1      | Gained mutation: You are partially covered in molten
                  | scales. (AC +2) [demonic ancestry]
   189 | D:1      | Reached XP level 2. HP: 5/24 MP: 2/2
   919 | D:1      | Reached XP level 3. HP: 24/29 MP: 3/3
  1940 | D:2      | Found a faded altar of an unknown god.
  2080 | D:2      | Reached XP level 4. HP: 35/35 MP: 4/4
  2096 | D:2      | Found a runed translucent door.
  2097 | D:2      | Noticed Crazy Yiuf
  2192 | D:2      | Killed Crazy Yiuf
  2192 | D:2      | Reached skill level 1 in Armour
  2770 | D:3      | Reached skill level 4 in Unarmed Combat
  2959 | D:3      | Reached XP level 5. HP: 24/41 MP: 5/5
  3141 | D:3      | Found a runed translucent gate.
  3141 | D:3      | Found a runed translucent gate.
  3141 | D:3      | Found a runed translucent gate.
  3142 | D:3      | Noticed Morgweiler's ghost (amateur DsAs)
  3142 | D:3      | Noticed Godmorgon's ghost (amateur KoFi)
  3142 | D:3      | Noticed galacticnek0's ghost (amateur DrSk)
  3636 | D:3      | Killed from afar by an orc priest

Illustrated notes

Levels and vault maps discovered:
D:1:      dpeg_arrival_windows_large_door, layout_loops_ring,
          corexii_hall_statues_deadend
D:2:      layout_rooms, chequers_ecumenical_altar_lobes, first_ration,
          uniq_crazy_yiuf_cottage
D:3:      layout_rooms, gammafunk_ghost_cemetery
D:4:      layout_cave_pools, serial_shops, shop

Skill      XL: |  1  2  3  4 |
---------------+-------------+-----
Unarmed Combat | 3 4 |  4.1
Dodging        | 3 |  3.3
Armour         | 1 |  1.5
Fighting       | |  3.7
Stealth        | |  1.9

Action                   |  1- 3 |  4- 6 || total
-------------------------+-------+-------++-------
Melee: Unarmed           |   229 |   167 ||   396
       Punch             |     1 |     2 ||     3
 Stab: Sleeping          |     1 |       ||     1
  Eat: Chunk             |     4 |     5 ||     9
Armor: Chain mail        |   146 |   158 ||   304
Dodge: Dodged            |    90 |    62 ||   152
